 Dungeon Crawl Stone Soup version 0.27.1-33-g824d729ab1 (webtiles) character file.

Game seed: 7304092051312770423

18 Phantomfrettchen the Insei (level 2, 0/24 HPs)
             Began as a Demonspawn Chaos Knight on Dec 21, 2021.
             Was a Plaything of Xom.
             Succumbed to an adder's poison
             ... on level 2 of the Dungeon.
             The game lasted 00:06:57 (1795 turns).

Phantomfrettchen the Insei (DsCK)                   Turns: 1795, Time: 00:06:58

Health: 0/24       AC:  6    Str: 12    XL:     2   Next: 51%
Magic:  2/2        EV: 11    Int: 13    God:    Xom [....*.]
Gold:   68         SH:  0    Dex: 12    Spells: 1/1 levels left

rFire    . . .     SeeInvis .     - Unarmed
rCold    . . .     Faith    .   (no shield)
rNeg     . . .     Spirit   .   a - +2 leather armour
rPois    .         Reflect  .   h - +0 helmet
rElec    .         Harm     .   (no cloak)
rCorr    .         Rampage  .   (no gloves)
Will     .....                  (no boots)
Stlth    +.........             (no amulet)
HPRegen  0.08/turn              (no ring)
MPRegen  0.08/turn              (no ring)

@: lethally poisoned (0 -> -11)
A: demonic magic 1
a: Renounce Religion


You were on level 2 of the Dungeon.
You worshipped Xom.
You were a beloved toy of Xom.
You visited 1 branch of the dungeon, and saw 2 of its levels.

You collected 68 gold pieces.

Inventory:

Armour
 a - a +2 leather armour (worn)
 h - a +0 helmet (worn)
 i - a +0 kite shield
Wands
 g - a wand of charming (8)
Scrolls
 b - a scroll of identify {unknown}
 c - a scroll of amnesia {unknown}
 j - a scroll of teleportation {unknown}
Potions
 d - a potion of curing {unknown}
 f - 2 potions of lignification {unknown}


   Skills:
 + Level 3.1 Fighting
 + Level 0.2 Throwing
 + Level 2.0 Armour
 + Level 1.0 Dodging
 + Level 3.2 Unarmed Combat


You had one spell level left.
You didn't know any spells.
Your spell library was empty.

Dungeon Overview and Level Annotations

Branches:
Dungeon (2/15)

Altars:


Innate Abilities, Weirdness & Mutations

Spells you cast may paralyse adjacent enemies.


Message History

The adder hisses angrily.
You see here a stone.
Throw: 2 stones
Press: ? - help, Q - select action, (/) - cycle Shift-Dir - straight line, f - adder
Aim: an adder (38% to hit)
You throw a stone. The stone misses the adder.
Throw: stone
Press: ? - help, Q - select action, (/) - cycle Shift-Dir - straight line, f/p - adder
Aim: an adder (38% to hit)
You throw a stone. The stone misses the adder.
Xom snickers.
Your eyebrows wriggle.
You are now a beloved toy of Xom.
The adder bites you.
You barely miss the adder. The adder misses you.
You barely miss the adder. The adder bites you.
You closely miss the adder. The adder closely misses you.
The adder barely misses you.
You barely miss the adder. The adder closely misses you.
You hit the adder.
The adder is moderately wounded.
The adder bites you but does no damage.
You hit the adder but do no damage.
The adder is moderately wounded.
The adder bites you but does no damage.
You hit the adder.
The adder is heavily wounded.
The adder bites you.
You are poisoned.
The adder poisons you! The adder barely misses you.
You closely miss the adder.
The adder is heavily wounded.
You feel sick. The adder bites you.
* * * LOW HITPOINT WARNING * * *
You are more poisoned.
The adder poisons you!
You closely miss the adder.
The adder is heavily wounded.
You die...
Xom guffaws!

......# .....
....>## ......#
##....# #.#w...
....##.......
#.#....
...........#
#.#....
#..#.....#
###......
####..(....#
#.(..w(((
##.....(....#
#(##.....
####.<###.S....#
#.##.###.
#####...<##
#.@..!.# #(##.#
##...).####
#......# ##.##.#
#..#####
##.....###..##.#
#.##
##....##(.###..
#.
#..###..####..
..
##.........##..
...
##.....)(...#
...
............#
...
.#######..### ##


You could see an adder.

Vanquished Creatures
  2 dart slugs
  A bat (D:1)
  An endoplasm (D:1)
  2 goblins
  2 hobgoblins
  A quokka (D:2)
  3 kobolds
  2 rats (D:1)
14 creatures vanquished.

Notes
Turn   | Place    | Note
-------+----------+-------------------------------------------
     0 | D:1      | Phantomfrettchen the Demonspawn Chaos Knight began the
                  | quest for the Orb.
     0 | D:1      | Reached XP level 1. HP: 18/18 MP: 1/1
   587 | D:1      | XOM: silly message
  1009 | D:1      | Found a faded altar of an unknown god.
  1025 | D:1      | Reached skill level 1 in Dodging
  1191 | D:1      | Gained mutation: Spells you cast may paralyse adjacent
                  | enemies. [demonic ancestry]
  1191 | D:1      | Reached XP level 2. HP: 24/24 MP: 2/2
  1786 | D:2      | XOM: silly message
  1795 | D:2      | Succumbed to an adder's poison

Illustrated notes

Levels and vault maps discovered:
D:1:      dpeg_arrival_simpleton_c, layout_basic,
          hellmonk_ecumenical_altar_lost_god
D:2:      layout_rooms

Skill      XL: |  1  2 |
---------------+-------+-----
Unarmed Combat | 3 |  3.2
Dodging        | 1 |  1.0
Armour         | 2 |  2.0
Fighting       | |  3.1
Throwing       | |  0.2

Action                   || total
-------------------------++-------
Melee: Unarmed           ||    99
Throw: Stone             ||    40
Armor: Leather armour    ||    27
Dodge: Dodged            ||    38
